 Dungeon Crawl Stone Soup version 0.29-a0-887-gcbe080d7e0 (webtiles) character file.

Game seed: 8930719618302950272

935 spaghetti the Grave Robber (level 7, -9/56 HPs)
             Began as a Mummy Necromancer on July 21, 2022.
             Mangled by a gnoll
             ... wielding a +0 halberd
              (10 damage)
             ... on level 5 of the Dungeon.
             The game lasted 00:07:58 (5284 turns).

spaghetti the Grave Robber (Mummy Necromancer)      Turns: 5284, Time: 00:07:58

Health: -9/56      AC:  8    Str: 12    XL:     7   Next: 87%
Magic:  2/25       EV: 12    Int: 19    God:
Gold:   146        SH:  0    Dex: 12    Spells: 1/19 levels left

rFire   x . .      SeeInvis .   o - +2 dagger (drain) {short}
rCold   + . .      Faith    .   (no shield)
rNeg    + + +      Spirit   .   a - +0 robe
rPois   ∞          Reflect  .   v - +2 helmet {Int+3}
rElec   .          Harm     .   (no cloak)
rCorr   .          Rampage  .   i - +2 pair of gloves
Will    .....                   (no boots)
Stlth   ++........              (no amulet)
HPRegen 0.18/turn               d - ring of magical power
MPRegen 0.19/turn               (no ring)

@: about to teleport, animating dead, very slightly contaminated
A: cold resistance 1, negative energy resistance 3, torment resistance 2, heat
vulnerability 1, in touch with death 1, no potions
a: no special abilities


You were on level 5 of the Dungeon.
You visited 1 branch of the dungeon, and saw 5 of its levels.

You collected 346 gold pieces.
You spent 200 gold pieces at shops.


Innate Abilities, Weirdness & Mutations

You are immune to poison.
Your flesh is cold resistant. (rC+)
You are immune to negative energy. (rN+++)
You are immune to unholy pain and torment.
You are vulnerable to heat. (rF-)
You are in touch with the powers of death.
You do not drink.


   Skills:
 + Level 5.0 Fighting
 - Level 1.5 Dodging
 - Level 1.5 Stealth
 + Level 6.5 Spellcasting
 + Level 6.6 Necromancy


You had one spell level left.
You knew the following spells:

 Your Spells              Type           Power      Damage    Failure   Level
a - Necrotise             Necr           100%       1d9       1%          1
b - Vampiric Draining     Necr           47%        2d9       1%          3
c - Animate Dead          Necr           47%        N/A       7%          4
d - Dispel Undead         Necr           47%        3d18      7%          4
e - Death Channel         Necr           23%        N/A       71%         6

Your spell library contained the following spells:

 Spells                   Type           Power      Damage    Failure   Level
 Static Discharge         Conj/Air       6%         3-4/arc   16%         2
 Agony                    Necr           47%        N/A       19%         5
 Borgnjor's Vile Clutch   Necr/Erth      14%        N/A       58%         5
 Petrify                  Tmut/Erth      6%         N/A       71%         4
 Sticky Flame             Conj/Fire      6%         2d3       71%         4
 Metabolic Englaciation   Hex/Ice        3%         N/A       96%         5
 Statue Form              Tmut/Erth      Unusable   N/A       N/A         6

Inventory:

Hand Weapons
 e - a +0 club {mace}
   (You took it off a goblin on level 1 of the Dungeon)
 g - a +0 club {mace}
   (You took it off a goblin on level 2 of the Dungeon)
 h - a +0 short sword {short}
   (You took it off a kobold on level 2 of the Dungeon)
 k - a +0 dagger of speed {short}
   (You took it off a goblin on level 2 of the Dungeon)
 o - a +2 dagger of draining (weapon) {short}
   (You took it off an orc on level 3 of the Dungeon)
Missiles
 b - 22 stones {throwing}
 m - 10 boomerangs {throwing}
Armour
 a - a +0 robe (worn)
 i - a +2 pair of gloves (worn)
   (You found it on level 2 of the Dungeon)
 v - a +2 helmet of intelligence (worn)
   (You found it on level 5 of the Dungeon)
Magical Staves
 n - a staff of fire {!astaff}
   (You found it on level 3 of the Dungeon)
Jewellery
 d - a ring of magical power (left hand)
   (You bought it in a shop on level 2 of the Dungeon)
Wands
 p - a wand of iceblast (14)
   (You found it on level 3 of the Dungeon)
 q - a wand of polymorph (7)
   (You took it off Ijyb on level 3 of the Dungeon)
Scrolls
 c - 2 scrolls of amnesia
 f - a scroll of magic mapping {!r}
 j - a scroll of identify {@r1}
 l - a scroll of noise {!r}
 t - a scroll of enchant armour
 u - a scroll of immolation {!r!r}

Dungeon Overview and Level Annotations

Branches:
Dungeon (5/15) Zot: 24730
 Temple: D:4-7

Altars:
Ru

Shops:
D:2 = D:4

[ #... #.#.##
....#######
#..?......#
.........#
#...Z....#
#ggg.....# #lg#
##@########
#.........#
#...#####.# #.#..#
#...>####+##### ..
####..........##
... #...........#
.... #...........#
....###...........#


You could see an iguana, 4 gnolls and a friendly ogre zombie.


Message History

Casting: Vampiric Draining (dangerous; 2% risk of failure)
Confirm with . or Enter, or press ? or * to list all spells.
Aiming: Vampiric Draining (dangerous; 2% risk of failure)
Press: ? - help, Shift-Dir - straight line, f/p - ogre
Aim: an ogre, wielding a +0 giant spiked club (severely wounded)
You feel a surge of power!
You draw life force from the ogre!
You feel life coursing into your body. The ogre misses you.
The iguana bites you.
The gnoll hits you from afar with a +0 halberd! 😮 HP[-11] MP[-2]
You take 11 damage, and now have 36/55 hp.
You lost 2 mp, and now have 10/25 mp.
Casting: Vampiric Draining (dangerous; 2% risk of failure)
Confirm with . or Enter, or press ? or * to list all spells.
Aiming: Vampiric Draining (dangerous; 2% risk of failure)
Press: ? - help, Shift-Dir - straight line, f/p - ogre
Aim: an ogre, wielding a +0 giant spiked club (almost dead)
You feel a surge of power!
You miscast Vampiric Draining.
You are very lightly contaminated with residual magic.
Nothing appears to happen.
The iguana bites you.
The gnoll hits you from afar with a +0 halberd.
* * * LOW HITPOINT WARNING * * *
The ogre barely misses you. 😨 HP[-11] MP[-3]
You take 11 damage, and now have 25/55 hp.
You lost 3 mp, and now have 7/25 mp.
Unknown command.
Unknown command.
Casting: Vampiric Draining (dangerous; 2% risk of failure)
Confirm with . or Enter, or press ? or * to list all spells.
Aiming: Vampiric Draining (dangerous; 2% risk of failure)
Press: ? - help, Shift-Dir - straight line, f/p - ogre
Aim: an ogre, wielding a +0 giant spiked club (almost dead)
You feel a surge of power!
You draw life force from the ogre!
You kill the ogre!
You feel life coursing into your body.
The dead are walking!
The iguana bites you but does no damage.
The gnoll hits you from afar with a +0 halberd.
* * * LOW HITPOINT WARNING * * *
Your Fighting skill increases to level 5! 😨 HP[+1] MP[-3]
You now have 56 max hp (+1).
You lost 3 mp, and now have 4/25 mp.
Casting: Vampiric Draining (safe; 1% risk of failure)
Confirm with . or Enter, or press ? or * to list all spells.
Aiming: Necrotise (safe; 1% risk of failure)
Press: ? - help, Shift-Dir - straight line, f - iguana
Aim: an iguana (chance to affect: 88%)
You feel a surge of power!
The iguana writhes in agony.
The gnoll barely misses you. The iguana closely misses you.
The gnoll hits you from afar with a +0 halberd!
* * * LOW HITPOINT WARNING * * *
😨 HP[-7] MP[-1]
You take 7 damage, and now have 19/56 hp.
You lost 1 mp, and now have 3/25 mp.
Casting: Necrotise (safe; 1% risk of failure)
Confirm with . or Enter, or press ? or * to list all spells.
Aiming: Necrotise (safe; 1% risk of failure)
Press: ? - help, Shift-Dir - straight line, f/p - iguana
Aim: an iguana (moderately wounded, chance to affect: 88%)
You feel a surge of power!
The iguana writhes in agony.
Your ogre zombie hits the gnoll but does no damage.
The gnoll hits you but does no damage. The iguana misses you.
The gnoll closely misses you. 😨 MP[-1]
You lost 1 mp, and now have 2/25 mp.
Casting: Necrotise (safe; 1% risk of failure)
Confirm with . or Enter, or press ? or * to list all spells.
Aiming: Necrotise (safe; 1% risk of failure)
Press: ? - help, Shift-Dir - straight line, f/p - iguana
Aim: an iguana (heavily wounded, chance to affect: 88%)
You feel a surge of power!
The iguana writhes in agony.
The gnoll hits you with a +0 club.
* * * LOW HITPOINT WARNING * * *
The iguana bites you!
* * * LOW HITPOINT WARNING * * *
The gnoll barely misses you. 😱 HP[-15]
You take 15 damage, and now have 4/56 hp.
MASSIVE DAMAGE!! (PAUSE) Unknown command.
Okay, then.
Okay, then.
As you read the scroll of teleportation {@r4}, it crumbles to dust.
You feel strangely unstable.
Your ogre zombie hits the gnoll.
The gnoll hits you with a +0 club.
* * * LOW HITPOINT WARNING * * *
The iguana closely misses you.
The gnoll hits you but does no damage. 😱 HP[-3]
You take 3 damage, and now have 1/56 hp.
Unknown command.
Unknown command.
Unknown command.
Unknown command.
As you read the scroll of torment, it crumbles to dust.
You feel a surge of unholy energy.
The gnoll convulses!
The iguana convulses!
The gnoll convulses! x3; The gnoll hits you but does no damage.
The iguana closely misses you.
The gnoll hits you from afar with a +0 halberd!
You die...

Skill      XL: |  1  2  3  4  5  6  7 |
---------------+----------------------+-----
Fighting       | 1 2 3 4 5 |  5.0
Spellcasting   | 3 4 5 6 |  6.5
Necromancy     | 5 6 |  6.6
Dodging        | |  1.5
Stealth        | |  1.5

Action                   |  1- 3 |  4- 6 |  7- 9 || total
-------------------------+-------+-------+-------++-------
Melee: Unarmed           |    10 |       |       ||    10
       Short sword       |     2 |     7 |       ||     9
       Dagger            |       |   103 |    83 ||   186
       Punch             |       |     1 |     2 ||     3
 Cast: Necrotise         |    57 |    72 |     9 ||   138
       Vampiric Draining |       |     7 |    12 ||    19
       Animate Dead      |       |       |     1 ||     1
  Use: Scroll            |       |     5 |     6 ||    11
 Stab: Sleeping          |     1 |     2 |     1 ||     4
       Distracted        |     1 |       |       ||     1
Armor: Robe              |     5 |    39 |    37 ||    81
Dodge: Dodged            |    21 |    71 |    79 ||   171

Levels and vault maps discovered:
D:1:      giann_forest_graveyard, layout_basic, minmay_misc_feat_x,
          fountainhead, minmay_misc_feat_hallway
D:2:      layout_rooms, serial_shops, shop, hellmonk_ecumenical_altar_zigzags,
          basic_altar, uniq_jessica
D:3:      minmay_inner_zag, layout_loops_ring, uniq_ijyb
D:4:      layout_loops_ring, serial_shops, shop, minmay_crystal_water
D:5:      layout_basic

Notes
Turn   | Place    | Note
-------+----------+-------------------------------------------
     0 | D:1      | spaghetti the Mummy Necromancer began the quest for the
                  | Orb.
     0 | D:1      | Reached XP level 1. HP: 13/13 MP: 4/4
     0 | D:1      | magus.rc [v1.9.6]
    94 | D:1      | Reached skill level 1 in Fighting
   163 | D:1      | Reached XP level 2. HP: 21/21 MP: 3/5
   572 | D:1      | Reached skill level 3 in Spellcasting
  1078 | D:2      | Found a sacrificial altar of Ru.
  1159 | D:2      | Gained mutation: You are in touch with the powers of death.
                  | [Mummy growth]
  1159 | D:2      | Reached XP level 3. HP: 26/26 MP: 5/7
  1163 | D:2      | Learned a level 3 spell: Vampiric Draining
  1361 | D:2      | Noticed Jessica
  1365 | D:2      | Killed Jessica
  1366 | D:2      | Reached skill level 2 in Fighting
  1366 | D:2      | Reached XP level 4. HP: 33/33 MP: 5/9
  1436 | D:2      | Found a faded altar of an unknown god.
  1471 | D:2      | You pick up a book of Sloth and begin reading...
  1471 | D:2      | You add the spells Petrify and Metabolic Englaciation to
                  | your library.
  1713 | D:2      | Found Esizxun's Jewellery Shoppe.
  2140 | D:3      | Reached skill level 4 in Spellcasting
  2140 | D:3      | Reached skill level 5 in Necromancy
  2140 | D:3      | Reached XP level 5. HP: 36/39 MP: 5/11
  2365 | D:3      | Reached skill level 3 in Fighting
  2983 | D:3      | Reached XP level 6. HP: 37/47 MP: 13/13
  3062 | D:3      | You pick up a book of Touch and begin reading...
  3062 | D:3      | You add the spells Static Discharge, Sticky Flame and
                  | Dispel Undead to your library.
  3138 | D:3      | Noticed Ijyb
  3151 | D:3      | Killed Ijyb
  3152 | D:3      | Reached skill level 5 in Spellcasting
  3203 | D:3      | Learned a level 4 spell: Animate Dead
  3208 | D:3      | Learned a level 4 spell: Dispel Undead
  3615 | D:4      | HP: 10/47 [ogre/+0 giant club (16)]
  3697 | D:2      | Bought a ring of magical power for 200 gold pieces
  3924 | D:4      | Reached skill level 4 in Fighting
  4106 | D:4      | Reached skill level 6 in Necromancy
  4106 | D:4      | Reached XP level 7. HP: 54/54 MP: 15/15
  4513 | D:4      | You pick up a book of Unlife and begin reading...
  4513 | D:4      | You add the spells Borgnjor's Vile Clutch and Death Channel
                  | to your library.
  4605 | D:4      | Reached skill level 6 in Spellcasting
  4931 | D:4      | Found Kisk's Antique Armour Boutique.
  5136 | D:5      | Entered Level 5 of the Dungeon
  5258 | D:5      | Learned a level 6 spell: Death Channel
  5280 | D:5      | Reached skill level 5 in Fighting
  5282 | D:5      | HP: 4/56 [iguana (11)]
  5283 | D:5      | HP: 1/56 [gnoll/+0 club (3)]
  5284 | D:5      | Mangled by a gnoll

Vanquished Creatures
  A water moccasin (D:5)
  3 ogres
  2 necrophages
  2 hounds
  3 orc priests
  Jessica (D:2)
  Ijyb (D:3)
  4 orc wizards
  2 adders
  2 ufetubi (D:4)
  2 worms
  3 dart slugs
  14 orcs
  6 bats
  3 endoplasms
  3 giant cockroaches
  4 goblins
  8 hobgoblins
  7 jackals
  5 kobolds
  A quokka (D:5)
  7 ball pythons
  7 frilled lizards
  6 rats
97 creatures vanquished.

Vanquished Creatures (collateral kills)
  2 adders (D:2)
  2 orcs (D:3)
  An endoplasm (D:1)
  A goblin (D:1)
  A ball python (D:1)
  A frilled lizard (D:1)
  A rat (D:2)
9 creatures vanquished.

Grand Total: 106 creatures vanquished

Table legend:
 A = Non-vault XP
 B = Vault XP
 C = Vault XP percentage of total XP
 D = Non-vault monster count
 E = Vault monster count
 F = Vault count percentage of total count
                 A         B        C        D         E       F
            +---------+---------+-------+---------+---------+-------
      Total |    1171 |     166 |  12.4 |      99 |       7 |   6.6
            +---------+---------+-------+---------+---------+-------
        D:1 |      36 |       0 |   0.0 |      25 |       0 |   0.0
        D:2 |      78 |      37 |  32.2 |      19 |       1 |   5.0
        D:3 |     251 |     129 |  33.9 |      32 |       6 |  15.8
        D:4 |     528 |       0 |   0.0 |      19 |       0 |   0.0
        D:5 |     278 |       0 |   0.0 |       4 |       0 |   0.0
            +---------+---------+-------+---------+---------+-------

Illustrated notes

Table legend:
 A = Kills in this place as a percentage of kills in entire the game.
 B = Kills by you in this place as a percentage of kills by you in the entire game.
 C = Kills by friends in this place as a percentage of kills by friends in the entire game.
 D = Other kills in this place as a percentage of other kills in the entire game.
 E = Experience gained in this place as a percentage of experience gained in the entire game.
 F = Experience gained in this place divided by the number of levels of this place that you have seen.
                   A       B       C       D       E      F
               +-------+-------+-------+-------+-------+----------------------
         Total | 100.0 | 100.0 | 100.0 |   N/A | 100.0 | 267.4
       Dungeon | 100.0 | 100.0 | 100.0 |   N/A | 100.0 | 267.4
               +-------+-------+-------+-------+-------+----------------------

Table legend: (Time is in decaauts)
 A = Elapsed time spent in this place.
 B = Non-inter-level travel time spent in this place.
 C = Inter-level travel time spent in this place.
 D = Time resting spent in this place.
 E = Time spent auto-exploring this place.
 F = Levels seen in this place.
 G = Mean time per level.
                   A        B        C        D        E       F      G
               +--------+--------+--------+--------+--------+-----+--------+
         Total |   5268 |   5033 |    235 |      0 |   4322 |   5 | 1053.6 |
       Dungeon |   5268 |   5033 |    235 |      0 |   4322 |   5 | 1053.6 |
               +--------+--------+--------+--------+--------+-----+--------+

Top non-repeatable levels by time:
     D:3: 1529 daAuts
     D:4: 1322 daAuts
     D:2: 1189 daAuts
     D:1: 1078 daAuts
     D:5: 147 daAuts
